 Dungeon Crawl Stone Soup version 0.19.0-24-gb05acd6 (webtiles) character file.

21317 Monsterracer the Pacifist (level 12, -3/163 HPs)
             Began as a Deep Dwarf Fighter on Nov 20, 2016.
             Was an Elder of Elyvilon.
             Slain by a death yak (5 damage)
             ... on level 4 of the Lair of Beasts.
             The game lasted 00:53:59 (11497 turns).

Monsterracer the Pacifist (Deep Dwarf Fighter)     Turns: 11497, Time: 00:54:00

Health: -3/163     AC: 17    Str: 25    XL:     12   Next: 53%
Magic:  32/32      EV: 10    Int: 15    God:    Elyvilon [****..]
Gold:   852        SH:  0    Dex: 16    Spells: 1 memorised, 2 levels left

rFire  . . .     SeeInvis .     m - +2 war axe (chop)
rCold  . . .     Gourm    .     s - +2 scale mail {MR+}
rNeg   . . .     Faith    .     (no shield)
rPois  .         Spirit   .     J - +3 hat of Pondering {ponderous, MR+ MP+10 Int+5}
rElec  .         Reflect  .     E - +0 cloak
rCorr  +         Harm     .     (no gloves)
MR     ++++.                    p - +1 pair of boots
Stlth  ..........               w - amulet of rage
                                g - ring of protection from magic
                                l - ring of resist corrosion

@: berserking, non-regenerating, very quick
A: damage resistance, recharge devices, blink, sense surroundings 2, slow
regeneration 3
a: Device Recharging, Blink, Lesser Healing, Heal Other, Purification, Greater
Healing, Divine Protection, Renounce Religion, Evoke Berserk Rage


You were on level 4 of the Lair of Beasts.
You worshipped Elyvilon.
Elyvilon was greatly pleased with you.
You were not hungry.

You visited 2 branches of the dungeon, and saw 14 of its levels.
You also visited: Bailey.

You collected 852 gold pieces.

Inventory:

Hand Weapons
 m - a +2 war axe of chopping (weapon)
Armour
 p - a +1 pair of boots (worn)
 s - a +2 scale mail of magic resistance (worn)
 E - a +0 cloak (worn)
 J - the +3 hat of Pondering (worn) {ponderous, MR+ MP+10 Int+5}
   (You took it off Gastronok on level 10 of the Dungeon)

   It affects your intelligence (+5).
   It affects your resistance to hostile enchantments.
   It affects your magic capacity (+10).
Jewellery
 g - a ring of protection from magic (right hand)
 l - a ring of resist corrosion (left hand)
 v - an uncursed ring of teleportation
 w - an amulet of rage (around neck)
 I - an uncursed ring of flight
 L - a cursed -2 ring of strength {unknown}
Wands
 e - a wand of heal wounds (0/9)
 o - a wand of confusion (30/48)
 q - a wand of iceblast (6/15)
 r - a wand of confusion (6/48)
 u - a wand of lightning (12/15)
 z - a wand of flame (20/48)
 A - a wand of acid (5/15)
 B - a wand of acid (8/15)
 N - a wand of paralysis (10/24)
Scrolls
 d - 2 scrolls of magic mapping
 h - 5 scrolls of enchant armour
 i - 10 scrolls of identify
 n - 6 scrolls of remove curse
 x - 4 scrolls of fear
 y - a scroll of enchant weapon
 C - a scroll of fog
 F - a scroll of blinking
Potions
 c - a potion of might
 k - 10 potions of curing
 t - a potion of flight
 D - 2 potions of berserk rage
 G - 3 potions of haste
 K - a potion of cure mutation
Miscellaneous
 H - a disc of storms
Comestibles
 f - 14 bread rations
 j - 18 fruits


   Skills:
 + Level 7.5 Fighting
 * Level 13.1 Axes
 + Level 9.1 Armour
   Level 3.2 Shields
 * Level 13.5 Invocations
 + Level 10.6 Evocations


You had 2 spell levels left.
You knew the following spells:

 Your Spells              Type           Power        Failure   Level  Hunger
a - Shatter               Erth           #.........   100%        9    #######


Dungeon Overview and Level Annotations

Branches:
Dungeon (10/15)            Temple (0/1) D:4            Lair (4/6) D:8
  Swamp (0/4) Lair:3        Snake (0/4) Lair:3
    Orc: D:9-12

Altars:
Elyvilon
Fedhas
Hepliaklqana
Kikubaaqudgha
Nemelex Xobeh
Okawaru
Qazlal
Trog
Uskayaw
The Shining One

Shops:
D:4 ?   D:8 %*


Innate Abilities, Weirdness & Mutations

You are resistant to damage.
You can recharge devices by infusing magical energy.
You passively map the area around you.
You do not regenerate.
You can translocate small distances at will.


Message History

* * * LOW HITPOINT WARNING * * *
The death yak gores you.
* * * LOW HITPOINT WARNING * * *
You slash the death yak!
The death yak is almost dead.
You slash the death yak! x2; You hit the death yak. x2
The death yak gores you!
* * * LOW HITPOINT WARNING * * *
You are too berserk!
You are too berserk!
You hit the death yak.
The death yak is almost dead.
You hit the death yak but do no damage. You hit the death yak.
You slash the death yak! You barely miss the death yak.
The death yak gores you!
* * * LOW HITPOINT WARNING * * *
The death yak barely misses you. The death yak gores you.
* * * LOW HITPOINT WARNING * * *
The death yak gores you!
You die...

, , #....#.#..... * , ,,
,, ##....#####.P. , ,
*####...### ##.. , *
#.#.....# ##. , , *
##...#...# ##.. #.
###....#.....###... ,*
###.##......##...###....
........Y.###,##.#......
..♣♣.Y@Y..# * *#.#.....
** ....≈.YY♣..# ***
#...... * *
,♣≈..≈.;Y.....# .......
.≈...≈;≈.≈.P## ....... *
, , ≈≈≈≈≈......♣#
,....... , ,,
.≈..≈.≈≈.≈≈♣* ,....... ,
,, , .≈.≈≈..≈.≈≈≈*
....... .≈≈≈.≈...≈..♣ ,
...... , ,,*, ≈, ≈ ≈≈ ,
* .....


You could see 6 death yaks and 2 electric eels.

Vanquished Creatures
  Gastronok (D:10)
  The ghost of appiemonkey the Grappler, a journeyman TrMo (Lair:1)
  Urug (Lair:2)
  The ghost of Cokeysmoke the Slasher, a novice FoNe of Gozag (D:7)
  A hill giant (D:10)
  Maurice (D:8)
  3 spiny frogs (Lair:1)
  4 komodo dragons
  3 hornets
  4 hippogriffs
  13 yaks
  9 spriggans
  2 basilisks
  A steam dragon (D:9)
  4 nagas (Lair:3)
  4 swamp worms (Lair:3)
  5 water moccasins
  7 porcupines
  9 orc warriors
  2 ice beasts
  2 phantoms
  A black bear (D:8)
  2 sky beasts
  A necrophage (D:8)
  13 wolves
  6 ogres
  6 centaurs
  3 crocodiles
  2 big kobolds
  12 bullfrogs
  6 scorpions
  11 wights
  An electric eel (Lair:3)
  3 crimson imps
  A bullfrog zombie (D:5)
  A quasit (D:8)
  2 centaur zombies
  5 orc priests
  4 hounds
  8 orc wizards
  A bullfrog skeleton (D:6)
  12 iguanas
  Ijyb (D:2)
  12 worker ants
  A hound zombie (D:8)
  11 adders
  14 gnolls
  2 river rats (D:8)
  An ooze (D:3)
  3 adder skeletons
  3 worms
  3 dart slugs
  10 leopard geckos
  33 orcs
  A ball python (D:2)
  6 bats
  4 giant cockroaches
  22 goblins
  10 hobgoblins
  11 jackals (D:4)
  5 quokkas
  8 frilled lizards
  20 kobolds
  A leopard gecko skeleton (D:6)
  A quokka skeleton (D:8)
  6 rats
  A fungus (Lair:4)
  8 plants
377 creatures vanquished.

Vanquished Creatures (others)
  A fungus (Lair:3)
  A plant (D:8)
2 creatures vanquished.

Grand Total: 379 creatures vanquished

Notes
Turn   | Place    | Note
-------+----------+-------------------------------------------
     0 | D:1      | Monsterracer the Deep Dwarf Fighter began the quest for the Orb.
     0 | D:1      | Reached XP level 1. HP: 20/20 MP: 1/1
   205 | D:1      | Reached XP level 2. HP: 20/27 MP: 2/2
   743 | D:2      | Reached XP level 3. HP: 19/33 MP: 3/3
   786 | D:2      | Noticed Ijyb
   833 | D:2      | Killed Ijyb
   833 | D:2      | Reached XP level 4. HP: 16/40 MP: 4/4
   898 | D:2      | Reached skill level 5 in Axes
   907 | D:2      | Found a white marble altar of Elyvilon.
   921 | D:2      | Became a worshipper of Elyvilon the Healer
  1132 | D:2      | Found a sparkling altar of Nemelex Xobeh.
  1345 | D:2      | Found an ancient bone altar of Kikubaaqudgha.
  1422 | D:2      | Gained mutation: You have sharp fingernails. [potion of mutation]
  1422 | D:2      | Gained mutation: You can translocate small distances at will. [potion of mutation]
  1422 | D:2      | Gained mutation: You have very sharp fingernails. [potion of mutation]
  1423 | D:2      | Lost mutation: You have very sharp fingernails. [potion of cure mutation]
  1423 | D:2      | Lost mutation: You have sharp fingernails. [potion of cure mutation]
  1442 | D:2      | Reached * piety under Elyvilon
  1955 | D:3      | Reached skill level 1 in Invocations
  1986 | D:3      | Found a bloodstained altar of Trog.
  2007 | D:3      | Found a stormy altar of Qazlal.
  2010 | D:3      | Reached XP level 5. HP: 45/46 MP: 5/5
  2328 | D:4      | Reached skill level 1 in Evocations
  2341 | D:4      | Reached ** piety under Elyvilon
  2463 | D:4      | Noticed an ogre
  2473 | D:4      | Killed an ogre
  2473 | D:4      | Reached XP level 6. HP: 28/56 MP: 6/8
  2585 | D:4      | Found Ajul's Magic Scroll Shop.
  2652 | D:3      | Found a hide-covered altar of Uskayaw.
  2652 | D:3      | Found a blossoming altar of Fedhas.
  2652 | D:3      | Found an iron altar of Okawaru.
  2746 | D:4      | Found a staircase to the Ecumenical Temple.
  2978 | D:5      | Entered Level 5 of the Dungeon
  2982 | D:5      | Reached XP level 7. HP: 56/62 MP: 9/9
  3101 | D:5      | Reached skill level 5 in Invocations
  3385 | D:5      | Reached XP level 8. HP: 51/72 MP: 12/12
  4043 | D:6      | Reached skill level 5 in Evocations
  4086 | D:6      | Reached skill level 5 in Armour
  4612 | D:7      | Noticed Cokeysmoke's ghost (novice FoNe)
  4620 | D:7      | Gained mutation: You passively map the area around you. [Deep Dwarf growth]
  4620 | D:7      | Reached XP level 9. HP: 79/79 MP: 14/14
  4679 | D:7      | Killed Cokeysmoke's ghost
  4933 | D:7      | Reached *** piety under Elyvilon
  5063 | D:7      | Reached skill level 5 in Fighting
  5169 | D:7      | Paralysed by a hornet for 2 turns
  5483 | D:8      | Noticed Maurice
  5500 | D:8      | Killed Maurice
  5613 | D:8      | Found a staircase to the Lair.
  5620 | D:8      | Reached XP level 10. HP: 88/88 MP: 17/17
  5673 | D:8      | Reached skill level 10 in Axes
  5737 | D:8      | Found an ancient bone altar of Kikubaaqudgha.
  5767 | D:8      | Reached skill level 10 in Invocations
  5768 | D:8      | Found Umoaw's Wicked Wares.
  5927 | D:8      | Found a flagged portal.
  6126 | D:8      | HP: 2/91 [worker ant (5)]
  6371 | D:8      | Found a hazy altar of Hepliaklqana.
  6418 | D:8      | Found Viteattoxo's Food Boutique.
  6497 | D:8      | Paralysed by a hornet for 3 turns
  6503 | D:8      | Paralysed by a hornet for 3 turns
  6912 | D:9      | Found a flagged portal.
  6937 | Bailey   | Entered a bailey
  7002 | Bailey   | Reached XP level 11. HP: 80/97 MP: 17/19
  7010 | Bailey   | Found an iron altar of Okawaru.
  7037 | Bailey   | Learned a level 9 spell: Shatter
  7044 | Bailey   | Got a steaming hand axe
  7045 | Bailey   | Identified the +8 hand axe "Jellybane" {venom, MR+} (You found it in a bailey)
  7373 | D:9      | Found a glowing golden altar of the Shining One.
  7402 | D:10     | Entered Level 10 of the Dungeon
  7449 | D:10     | Noticed Gastronok
  7471 | D:10     | Killed Gastronok
  7565 | D:10     | Noticed a hill giant
  7573 | D:10     | Killed a hill giant
  7923 | D:10     | Reached **** piety under Elyvilon
  8506 | Lair:1   | Entered Level 1 of the Lair of Beasts
  8637 | Lair:1   | Noticed appiemonkey's ghost (journeyman TrMo)
  8659 | Lair:1   | Killed appiemonkey's ghost
  9065 | Lair:1   | Reached XP level 12. HP: 45/109 MP: 21/21
  9738 | Lair:2   | Noticed an eight-headed hydra
  9739 | Lair:2   | Pacified an eight-headed hydra
  9800 | Lair:2   | Noticed Urug
  9816 | Lair:2   | Killed Urug
  9816 | Lair:2   | Reached skill level 10 in Evocations
 10673 | Lair:3   | Found a staircase to the Snake Pit.
 10912 | Lair:3   | Noticed a six-headed hydra
 10913 | Lair:3   | Pacified a six-headed hydra
 11041 | Lair:3   | Found a staircase to the Swamp.
 11484 | Lair:4   | Noticed a death yak
 11485 | Lair:4   | Noticed a death yak
 11485 | Lair:4   | Noticed a death yak
 11486 | Lair:4   | Noticed a death yak
 11487 | Lair:4   | Noticed a death yak
 11487 | Lair:4   | Noticed a death yak
 11497 | Lair:4   | HP: 3/163 [death yak (9)]
 11497 | Lair:4   | Slain by a death yak

Skill      XL: |  1  2  3  4  5  6  7  8  9 10 11 12 |
---------------+-------------------------------------+-----
Axes           | 3 4 5 6 7 8 9 11 12 13 | 13.1
Invocations    | 1 2 3 5 7 9 11 12 13 | 13.5
Evocations     | 2 3 4 5 7 8 9 10 | 10.6
Fighting       | 3 4 5 6 7 |  7.5
Armour         | 4 5 6 7 8 9 |  9.1
Shields        | |  3.2

Action                   |  1- 3 |  4- 6 |  7- 9 | 10-12 || total
-------------------------+-------+-------+-------+-------++-------
Melee: War axe           |   123 |   246 |   340 |   611 ||  1320
       Battleaxe         |       |       |       |   268 ||   268
Invok: Lesser Healing    |       |    20 |    51 |    35 ||   106
       Divine Protection |       |       |     1 |       ||     1
       Purification      |       |       |     1 |     3 ||     4
       Greater Healing   |       |       |       |    10 ||    10
       Heal Other        |       |       |       |     2 ||     2
 Abil: Evoke Berserk Rag |       |     3 |     8 |    16 ||    27
       Blink             |       |     1 |       |       ||     1
Evoke: Wand              |       |       |     6 |    12 ||    18
       Disc of storms    |       |       |       |     1 ||     1
  Use: Scroll            |       |     8 |    12 |     5 ||    25
       Potion            |       |     4 |     7 |     6 ||    17
 Stab: Confused          |       |       |     2 |       ||     2
       Invisible         |       |       |     2 |       ||     2
  Eat: Chunk             |       |    12 |    20 |    31 ||    63
       Fruit             |       |       |     3 |     2 ||     5
       Pizza             |       |       |     1 |     1 ||     2
       Beef jerky        |       |       |     1 |     2 ||     3
       Royal jelly       |       |       |       |     1 ||     1
       Meat ration       |       |       |       |     2 ||     2
Armor: Scale mail        |    25 |   132 |   151 |   415 ||   723
       Plate armour      |    62 |       |       |       ||    62
Dodge: Dodged            |    31 |    73 |    69 |   392 ||   565
Block: Shield            |    62 |   136 |   155 |    51 ||   404
